 Dungeon Crawl Stone Soup version 0.29-a0-23-ga79f92ac9c (webtiles) character file.

Game seed: 2704788054299043182

7 croobank the Magician (level 1, 0/13 HPs)
             Began as a Demonspawn Hedge Wizard on Jan 30, 2022.
             Slain by a kobold (3 damage)
             ... on level 1 of the Dungeon.
             The game lasted 00:01:45 (435 turns).

croobank the Magician (Demonspawn Hedge Wizard)      Turns: 435, Time: 00:01:50

Health: 0/13       AC:  2    Str: 10    XL:     1   Next: 91%
Magic:  1/4        EV: 12    Int: 15    God:
Gold:   0          SH:  0    Dex: 12    Spells: 4/6 levels left

rFire   . . .      SeeInvis .   a - +0 dagger
rCold   . . .      Faith    .   (no shield)
rNeg    . . .      Spirit   .   b - +0 robe
rPois   .          Reflect  .   c - +0 hat
rElec   .          Harm     .   (no cloak)
rCorr   .          Rampage  .   (no gloves)
Will    .....                   (no boots)
Stlth   ++........              (no amulet)
HPRegen 0.04/turn               (no ring)
MPRegen 0.09/turn               (no ring)

@: no status effects
A: no striking features
a: no special abilities


You were on level 1 of the Dungeon.
You visited 1 branch of the dungeon, and saw 1 of its levels.

Inventory:

Hand Weapons
 a - a +0 dagger (weapon)
Missiles
 d - 31 stones
Armour
 b - a +0 robe (worn)
 c - a +0 hat (worn)


   Skills:
 + Level 1.8 Dodging
 + Level 1.9 Stealth
 + Level 3.0 Spellcasting
 + Level 1.2 Conjurations
 + Level 1.2 Summonings
 + Level 1.0 Translocations


You had 4 spell levels left.
You knew the following spells:

 Your Spells              Type           Power      Damage    Failure   Level
a - Magic Dart            Conj           20%        1d4       12%         1
b - Slow                  Hex            8%         N/A       21%         1

Your spell library contained the following spells:

 Spells                   Type           Power      Damage    Failure   Level
 Blink                    Tloc           10%        N/A       19%         2
 Call Imp                 Summ           5%         N/A       19%         2
 Conjure Flame            Conj/Fire      4%         6-21      43%         3
 Mephitic Cloud           Conj/Pois/Air  3%         N/A       45%         3


Dungeon Overview and Level Annotations

Branches:
Dungeon (1/15)

Altars:


Message History

The giant cockroach bites you but does no damage.
You barely miss the giant cockroach.
The giant cockroach is heavily wounded.
The giant cockroach bites you.
You hit the giant cockroach but do no damage.
The giant cockroach is heavily wounded.
The giant cockroach bites you.
The giant cockroach bites you but does no damage.
You hit the giant cockroach.
The giant cockroach is almost dead.
The giant cockroach bites you.
You completely miss the giant cockroach.
The giant cockroach is almost dead.
The giant cockroach completely misses you.
You hit the giant cockroach but do no damage.
The giant cockroach is almost dead.
The giant cockroach barely misses you.
You hit the giant cockroach.
You kill the giant cockroach!
You hit the rat.
You kill the rat!
You closely miss the kobold. The kobold barely misses you.
You hit the kobold but do no damage. The kobold hits you with a +0 club.
You barely miss the kobold. The kobold misses you.
You closely miss the kobold. The kobold misses you.
You barely miss the kobold. The kobold hits you with a +0 club.
You closely miss the kobold. The kobold hits you with a +0 club.
* * * LOW HITPOINT WARNING * * *
You hit the kobold.
The kobold is moderately wounded.
The kobold completely misses you.
Casting: Magic Dart (safe; 12% risk of failure)
Confirm with . or Enter, or press ? or * to list all spells.
Aiming: Magic Dart (safe; 12% risk of failure)
Press: ? - help, Shift-Dir - straight line, f - kobold
Aim: a kobold, wielding a +0 club (moderately wounded, 100% to hit)
The magic dart hits the kobold.
The kobold is severely wounded.
The kobold hits you with a +0 club.
You die...

#..#### ..........##
###...... #..........
#........
..........###........
.............≈≈≈≈≈≈≈
............≈≈≈≈≈≈≈
###....g. #.#....≈≈≈≈≈≈≈
#.....#K# #.#....≈≈≈#+#'
#.....#@###.#....≈≈≈'...
##.....#.#...#....≈≈≈'...
.......#..........≈≈≈#+##
.......+.##........≈≈≈≈#.
.......#..##.....⌠..≈≈≈'.
.........#.##....†..≈≈≈'.
.........##.##.....≈≈≈≈#.
##........##.#....≈≈≈#'#'
##......##.##....≈≈≈+...


You could see a hobgoblin and a kobold.

Vanquished Creatures
  A dart slug (D:1)
  A giant cockroach (D:1)
  A quokka (D:1)
  A bat (D:1)
  A frilled lizard (D:1)
  A rat (D:1)
6 creatures vanquished.

Notes
Turn   | Place    | Note
-------+----------+-------------------------------------------
     0 | D:1      | croobank the Demonspawn Hedge Wizard began the quest for
                  | the Orb.
     0 | D:1      | Reached XP level 1. HP: 13/13 MP: 4/4
   227 | D:1      | Learned a level 1 spell: Slow
   298 | D:1      | Reached skill level 1 in Translocations
   435 | D:1      | Slain by a kobold

Illustrated notes

Levels and vault maps discovered:
D:1:      dpeg_arrival_castle, layout_basic, serial_shops, shop_statue,
          amethyst_killhole

Skill      XL: |  1 |
---------------+----+-----
Translocations | 1 |  1.0
Dodging        | |  1.8
Stealth        | |  1.9
Spellcasting   | |  3.0
Conjurations   | |  1.2
Summonings     | |  1.2

Action                   || total
-------------------------++-------
Melee: Dagger            ||    21
 Cast: Magic Dart        ||    16
Armor: Robe              ||     4
Dodge: Dodged            ||    15

Table legend: (Time is in decaauts)
 A = Elapsed time spent in this place.
 B = Non-inter-level travel time spent in this place.
 C = Inter-level travel time spent in this place.
 D = Time resting spent in this place.
 E = Time spent auto-exploring this place.
 F = Levels seen in this place.
 G = Mean time per level.
                   A        B        C        D        E       F      G
               +--------+--------+--------+--------+--------+-----+--------+
         Total |    437 |    437 |      0 |    191 |    160 |   1 |  437.0 |
       Dungeon |    437 |    437 |      0 |    191 |    160 |   1 |  437.0 |
               +--------+--------+--------+--------+--------+-----+--------+

Top non-repeatable levels by time:
     D:1: 437 daAuts
